 Dungeon Crawl Stone Soup version 0.18.1-8-gdd0e5ea (webtiles) character file.

109 Heskey the Skirmisher (level 4, -9/37 HPs)
             Began as a Demonspawn Gladiator on May 21, 2016.
             Was an Initiate of Okawaru.
             Killed by divine providence
             ... invoked by an orc priest
              (12 damage)
             ... on level 3 of the Dungeon.
             The game lasted 00:06:17 (3046 turns).

Heskey the Skirmisher (Demonspawn Gladiator)        Turns: 3046, Time: 00:06:18

Health: -9/37      AC: 11    Str: 16    XL:     4   Next: 59%
Magic:  4/4        EV: 10    Int:  9    God:    Okawaru [......]
Gold:   87         SH:  0    Dex: 19    Spells: 0 memorised, 3 levels left

rFire  . . .     SeeInvis .     a - +2 trident
rCold  . . .     Gourm    .     b - +0 plate armour
rNeg   . . .     Faith    .     (no shield)
rPois  .         Spirit   .     c - +0 helmet
rElec  .         Dismiss  .     (no cloak)
rCorr  .         Reflect  .     (no gloves)
SustAt .         Harm     .     (no boots)
MR     .....                    (no amulet)
Stlth  ..........               (no ring)
                                (no ring)

@: agile, not resistant to hostile enchantments, extremely unstealthy
A: talons 1, powered by pain 1
a: Renounce Religion


You were on level 3 of the Dungeon.
You worshipped Okawaru.
Okawaru was noncommittal.
You were not hungry.

You visited 1 branch of the dungeon, and saw 3 of its levels.

You collected 87 gold pieces.

Inventory:

Hand Weapons
 a - a +2 trident (weapon)
Missiles
 d - 3 throwing nets (quivered)
Armour
 b - a +0 plate armour (worn)
 c - a +0 helmet (worn)
Scrolls
 l - 2 scrolls of identify
 o - a scroll of teleportation
 s - a scroll of remove curse
Potions
 j - a potion of cure mutation
Comestibles
 f - a bread ration


   Skills:
 * Level 3.8 Fighting
 + Level 3.4 Polearms
 - Level 1.7 Throwing
 + Level 1.3 Armour
 - Level 2.6 Dodging


You had 3 spell levels left.
You didn't know any spells.

Dungeon Overview and Level Annotations

Branches:
Dungeon (3/15)

Altars:
Elyvilon
Gozag
Okawaru
Pakellas
Xom
The Shining One

Annotations:
D:2 Sigmund


Innate Abilities, Weirdness & Mutations

You have sharp toenails.
You sometimes gain a little power by taking damage.


Message History

Attack whom?
Press: ? - help, Dir - move target cursor, f - orc priest
Aim: an orc priest, wielding a flail and wearing a scale mail You reach to attack!
You hit the orc priest.
The orc priest is moderately wounded.
The orc hits you but does no damage.
The orc priest calls down the wrath of Beogh upon you.
Beogh smites you!
You focus on the pain.
You feel agile all of a sudden.
The orc priest invokes the aid of Beogh against you.
Beogh smites you!
* * * LOW HITPOINT WARNING * * *
The quokka bites you but does no damage.
The orc priest looks braver for a moment.
The orc priest calls upon Beogh to heal the orc priest.
The orc priest's wounds heal themselves!
You see here 11 gold pieces.
The orc priest mumbles some strange prayers to Beogh against you.
Beogh smites you!
You die...

# #.............
#.####.o.....(...
#................
#................
#.....o.o##......
#.#####o..# ...... #. #
#ro.# .....#. #$..#
##+#.. .#####@..# ...
....?.....# #.#
..........# #.#
.>........########.####
..........+.......<...#
..........########....#
.#........# #####.#..#
.?......## #.....####
........#######.#...)..


You could see 2 orc priests, 3 orcs and a quokka.

Vanquished Creatures
  Terence (D:2)
  Robin (D:2)
  An adder (D:2)
  2 worms
  A dart slug (D:2)
  7 bats
  2 giant cockroaches
  13 goblins
  6 hobgoblins
  5 jackals
  3 quokkas (D:2)
  6 giant newts
  3 kobolds (D:1)
  6 rats
57 creatures vanquished.

Notes
Turn   | Place    | Note
--------------------------------------------------------------
     0 | D:1      | Heskey the Demonspawn Gladiator began the quest for the Orb.
     0 | D:1      | Reached XP level 1. HP: 16/16 MP: 1/1
   213 | D:1      | Gained mutation: You have sharp toenails. [demonic ancestry]
   213 | D:1      | Reached XP level 2. HP: 19/23 MP: 2/2
   823 | D:2      | Gained mutation: You sometimes gain a little power by taking damage. [demonic ancestry]
   823 | D:2      | Reached XP level 3. HP: 8/29 MP: 3/3
  1233 | D:2      | Found a glowing golden altar of the Shining One.
  1233 | D:2      | Found a white marble altar of Elyvilon.
  1234 | D:2      | Found a shimmering altar of Xom.
  1236 | D:2      | Found an oddly glowing altar of Pakellas.
  1237 | D:2      | Found an iron altar of Okawaru.
  1263 | D:2      | Became a worshipper of Warmaster Okawaru
  1272 | D:2      | Noticed Robin
  1304 | D:2      | Killed Robin
  1304 | D:2      | Reached skill level 1 in Armour
  1536 | D:2      | Found an opulent altar of Gozag.
  1542 | D:2      | Reached XP level 4. HP: 35/35 MP: 4/4
  1543 | D:2      | Noticed Terence
  1551 | D:2      | Noticed Sigmund
  1880 | D:2      | Killed Terence
  3046 | D:3      | Killed from afar by an orc priest

Skill      XL: |  1  2  3 |
---------------+----------+-----
Polearms       | 3 |  3.4
Fighting       | 3 |  3.8
Armour         | 1 |  1.3
Throwing       | |  1.7
Dodging        | |  2.6

Action                   |  1- 3 |  4- 6 || total
-------------------------+-------+-------++-------
Melee: Trident           |   174 |    89 ||   263
       Kick              |    25 |    18 ||    43
  Use: Potion            |     5 |     1 ||     6
       Scroll            |       |    13 ||    13
  Eat: Chunk             |     2 |     1 ||     3
       Bread ration      |       |     1 ||     1
Armor: Leather armour    |    15 |       ||    15
       Chain mail        |    69 |    14 ||    83
       Plate armour      |       |    38 ||    38
Dodge: Dodged            |    95 |    20 ||   115
